 Dungeon Crawl Stone Soup version 0.25.1-9-gc5326a611f (webtiles) character file.

Game seed: 10800810000404156157

170 Clowwww the Chopper (level 5, 41/41 HPs)
             Began as a Demonspawn Fighter on Jan 3, 2021.
             Quit the game on level 3 of the Dungeon.
             The game lasted 00:04:20 (2026 turns).

Clowwww the Chopper (Demonspawn Fighter)            Turns: 2026, Time: 00:04:20

Health: 41/41      AC:  9    Str: 17    XL:     5   Next: 25%
Magic:  5/5        EV:  7    Int: 10    God:
Gold:   109        SH:  9    Dex: 12    Spells: 4/4 levels left

rFire    + . .     SeeInvis .   a - +0 war axe
rCold    . . .     Gourm    .   c - +0 kite shield
rNeg     . . .     Faith    .   b - +0 scale mail
rPois    .         Spirit   .   (helmet restricted)
rElec    .         Reflect  .   (no cloak)
rCorr    .         Harm     .   j - +2 pair of gloves
MR       .....                  (no boots)
Stlth    ..........             (no amulet)
HPRegen  0.13/turn              p - ring of protection from fire
MPRegen  0.09/turn              (no ring)

@: no status effects
A: antennae 1, claws 1, spiny 1
a: no special abilities


You were on level 3 of the Dungeon.
You were not hungry.

You visited 1 branch of the dungeon, and saw 3 of its levels.

You collected 109 gold pieces.

Inventory:

Hand Weapons
 a - a +0 war axe (weapon)
Armour
 b - a +0 scale mail (worn)
 c - a +0 kite shield (worn)
 j - a +2 pair of gloves (worn)
Jewellery
 p - a ring of protection from fire (left hand)
Scrolls
 g - a scroll of blinking {unknown}
 h - 2 scrolls of identify {unknown}
 k - 2 scrolls of random uselessness {unknown}
 m - a scroll of amnesia {unknown}
 o - a scroll of remove curse {unknown}
 q - a scroll of enchant armour {unknown}
Potions
 d - a potion of might
 e - a potion of haste {unknown}
 i - 2 potions of mutation {unknown}
 l - a potion of invisibility {unknown}
Comestibles
 f - 4 rations
 n - 4 chunks of flesh


   Skills:
 + Level 3.4 Fighting
 * Level 4.0 Axes
 + Level 3.0 Armour
 + Level 0.1 Dodging
 + Level 3.4 Shields


You had 4 spell levels left.
You didn't know any spells.
Your spell library was empty.

Dungeon Overview and Level Annotations

Branches:
Dungeon (3/15)

Altars:


Innate Abilities, Weirdness & Mutations

You have a pair of small antennae on your head.
You have sharp fingernails.
You are partially covered in sharp spines.


Message History

You hit the jackal but do no damage. You closely miss the jackal.
You block the jackal's attack.
The jackal bites you but does no damage.
The hobgoblin is struck by your spines.
You kill the hobgoblin!
The jackal is struck by your spines.
You kill the jackal!
The jackal is struck by your spines.
You kill the jackal!
Your Axes skill increases to level 4!
Found 15 stones.
You see here a hobgoblin corpse.
Welcome back, Clowwww the Demonspawn Fighter.
Press ? for a list of commands and other information.
You butcher the hobgoblin corpse.
n - 4 chunks of flesh (gained 2)
You see here a hobgoblin skeleton. x2
An orc comes into view. It is wielding a +0 war axe.
An orc is nearby!
Are you sure you want to abandon this character and quit the game? (Confirm with "yes".)

####.#...............
........#.......#....
..........).).....#.
##>........).......
#.....#.##)#.....(.
+...(.....<).......
#...รท.#.......#..#.
#.....#..#.#.....(.
#.@...#............
...........#....####....
.......>...#..#.# #....
#.....#.......... .....
#.#.#.#.#........# .#.
....#.#..(..... ... .
........# .. o ..#..#.##


You could see an orc (wandering).

Vanquished Creatures
  Jessica (D:2)
  3 gnolls
  2 adders (D:2)
  A worm (D:2)
  5 dart slugs
  A leopard gecko (D:1)
  An orc (D:3)
  3 giant cockroaches
  15 goblins
  10 hobgoblins
  9 jackals
  A quokka (D:2)
  5 bats
  6 frilled lizards
  8 kobolds
  8 rats
79 creatures vanquished.

Notes
Turn   | Place    | Note
-------+----------+-------------------------------------------
     0 | D:1      | Clowwww the Demonspawn Fighter began the quest for the Orb.
     0 | D:1      | Reached XP level 1. HP: 18/18 MP: 1/1
   208 | D:1      | Gained mutation: You have sharp fingernails. [demonic
                  | ancestry]
   208 | D:1      | Reached XP level 2. HP: 24/24 MP: 2/2
   283 | D:1      | Reached skill level 2 in Axes
   484 | D:1      | Reached XP level 3. HP: 29/29 MP: 3/3
   833 | D:2      | Noticed Jessica
   835 | D:2      | Killed Jessica
   835 | D:2      | Reached skill level 3 in Axes
   835 | D:2      | Gained mutation: You are partially covered in sharp spines.
                  | [demonic ancestry]
   835 | D:2      | Reached XP level 4. HP: 35/35 MP: 4/4
  1873 | D:2      | Gained mutation: You have a pair of small antennae on your
                  | head. [demonic ancestry]
  1873 | D:2      | Reached XP level 5. HP: 40/41 MP: 5/5
  2021 | D:3      | Reached skill level 4 in Axes
  2026 | D:3      | Quit the game

Illustrated notes

Levels and vault maps discovered:
D:1:      dpeg_arrival_windows_large_door, layout_rooms,
          corexii_leaking_fountain, grunt_decor_clamped
D:2:      layout_basic, first_ration, minmay_goblin_outpost, uniq_jessica
D:3:      layout_basic, uniq_sigmund

Skill      XL: |  1  2  3  4  5 |
---------------+----------------+-----
Axes           | 2 3 4 |  4.0
Shields        | 3 |  3.4
Armour         | 3 |  3.0
Fighting       | |  3.4
Dodging        | |  0.1

Action                   |  1- 3 |  4- 6 || total
-------------------------+-------+-------++-------
Melee: War axe           |    84 |    85 ||   169
  Eat: Chunk             |       |     4 ||     4
Armor: Scale mail        |    46 |    29 ||    75
Dodge: Dodged            |    21 |    19 ||    40
Block: Kite shield       |    53 |    65 ||   118
